 Dungeon Crawl Stone Soup version 0.27.1-1-g398f81649c (webtiles) character file.

Game seed: 18085251945793202498

3511 goblinbird the Carver (level 10, -6/77 HPs)
             Began as a Human Fighter on Sept 9, 2021.
             Was a Believer of Okawaru.
             Splashed by an acid dragon's acid (14 damage)
             ... on level 8 of the Dungeon.
             The game lasted 00:27:20 (9704 turns).

goblinbird the Carver (Human Fighter)               Turns: 9704, Time: 00:27:22

Health: -6/77      AC: 26    Str: 20    XL:     10   Next: 28%
Magic:  10/10      EV:  5    Int:  8    God:    Okawaru [**....]
Gold:   248        SH: 11    Dex: 13    Spells: 9/9 levels left

rFire    . . .     SeeInvis .   v - +2 falchion (freeze)
rCold    . . .     Faith    .   c - +0 kite shield
rNeg     . . .     Spirit   .   y - +0 plate armour
rPois    +         Reflect  .   w - +2 helmet
rElec    .         Harm     .   n - +1 cloak {Will+}
rCorr    .         Rampage  ∞   E - +2 pair of gloves {Stlth+}
Will     +....                  m - +3 pair of seven-league boots {Rampage+∞}
Stlth    ..........             i - amulet of magic regeneration
HPRegen  0.22/turn              p - +4 ring of protection
MPRegen  0.37/turn              D - ring of poison resistance

@: corroded
A: no striking features
a: Renounce Religion, Heroism


You were on level 8 of the Dungeon.
You worshipped Okawaru.
Okawaru was pleased with you.
You visited 2 branches of the dungeon, and saw 9 of its levels.
You also visited: Ossuary.

You collected 352 gold pieces.
You spent 104 gold pieces at shops.

Inventory:

Hand Weapons
 a - a +0 long sword
 g - a +2 short sword of venom
 j - a +1 short sword of electrocution
 v - a +2 falchion of freezing (weapon)
 B - a +2 scimitar of flaming
 H - a +2 short sword of electrocution
Missiles
 l - 14 poisoned darts (quivered)
 r - 215 stones
Armour
 c - a +0 kite shield (worn)
 m - the +3 pair of seven-league boots (worn) {Rampage+∞}
   (You acquired it on level 6 of the Dungeon)

   Its wearer moves as far as possible in that direction when moving towards
   enemies.
 n - a +1 cloak of willpower (worn)
 w - a +2 helmet (worn)
 y - a +0 plate armour (worn)
 E - a +2 pair of gloves of stealth (worn)
 F - a +0 cloak
 I - a +0 scale mail of cold resistance
Jewellery
 b - a ring of fire
 i - an amulet of magic regeneration (around neck)
 p - a +4 ring of protection (left hand)
 D - a ring of poison resistance (right hand)
 K - a ring of see invisible
Wands
 x - a wand of iceblast (8)
Scrolls
 f - 2 scrolls of blinking
 o - a scroll of holy word
 q - a scroll of fog
 t - a scroll of fear
 z - 5 scrolls of teleportation
 L - a scroll of immolation {unknown}
Potions
 d - 4 potions of might
 e - 3 potions of curing
 h - a potion of resistance
 k - a potion of brilliance
 s - 2 potions of flight {unknown}
 u - 2 potions of haste {unknown}
 A - a potion of heal wounds
 C - 5 potions of lignification {unknown}
 G - 3 potions of attraction {unknown}
 J - 2 potions of mutation {unknown}


   Skills:
 + Level 6.7 Fighting
 * Level 8.9 Long Blades
 + Level 6.7 Armour
 + Level 7.8 Shields


You had 9 spell levels left.
You didn't know any spells.
Your spell library contained the following spells:

 Spells                   Type           Power      Damage    Failure   Level
 Shock                    Conj/Air       0%         1d3       100%        1
 Summon Small Mammal      Summ           0%         N/A       100%        1
 Call Canine Familiar     Summ           0%         N/A       100%        3
 Summon Guardian Golem    Hex/Summ       0%         N/A       100%        3
 Swiftness                Air            0%         N/A       100%        3
 Airstrike                Air            0%         N/A       100%        4


Dungeon Overview and Level Annotations

Branches:
Dungeon (8/15)             Temple (1/1) D:4         Ossuary (visited)
   Lair: D:8-11

Altars:
Ashenzari
Cheibriados
Dithmenos
Elyvilon
Fedhas
Gozag
Hepliaklqana
Kikubaaqudgha
Makhleb
Nemelex Xobeh
Okawaru
Qazlal
Ru
Sif Muna
Trog
Uskayaw
Vehumet
Wu Jian
Xom
Yredelemnul
Zin
The Shining One

Shops:
D:6 ?

Annotations:
D:5 1 runed translucent door, mavignon's ghost, novice DEFE


Message History

The acid dragon bites you but does no damage.
The acid dragon claws you but does no damage.
You closely miss the acid dragon.
The acid dragon is almost dead.
The acid dragon bites you but does no damage.
You block the acid dragon's attack.
You hit the acid dragon. You freeze the acid dragon.
The acid dragon is almost dead.
You block the acid dragon's attack.
The acid dragon claws you but does no damage.
You hit the acid dragon. You freeze the acid dragon.
The acid dragon is almost dead.
The acid dragon bites you but does no damage.
You block the acid dragon's attack.
You hit the acid dragon but do no damage.
The acid dragon is almost dead.
The acid dragon spits acid at you.
The splash of acid hits you but does no damage.
The acid corrodes you!
You are splashed with acid!
* * * LOW HITPOINT WARNING * * *
You completely miss the acid dragon.
The acid dragon is almost dead.
The acid dragon bites you but does no damage.
The acid dragon claws you but does no damage.
You hit the acid dragon but do no damage.
The acid dragon is almost dead.
The acid dragon bites you.
* * * LOW HITPOINT WARNING * * *
You block the acid dragon's attack.
You hit the acid dragon but do no damage.
The acid dragon is almost dead.
You block the acid dragon's attack. The acid dragon claws you.
* * * LOW HITPOINT WARNING * * *
Your shield and plate armour prevent you from hitting the acid dragon.
The acid dragon is almost dead.
The acid dragon spits acid at you. The splash of acid hits you.
* * * LOW HITPOINT WARNING * * *
You are splashed with acid!
You die...

...........######.....#######
..........$........#.## #######
####....###..#####..#.## #......#
..............# #.....# #......#
............#.####..#..# #......#
........##..††#.....#..###......#
$.......#####...................#
......D.####....D...............#
..............##@...............#
####......###..........##..######
##†...#.....†..........###....##
...#...D..######.......# ####..#
........#..## #.)......# ##.#
.....##.....###)#......# #.#
...#............#......# #.##
....###..##.......#...##### #...
.....###......###.#.#.....######.


You could see an acid dragon (catching breath).

Vanquished Creatures
  Erica (D:8)
  Prince Ribbit (D:8)
  Eustachio (D:6)
  Duvessa (D:6)
  An orc warrior (D:7)
  A black bear (D:7)
  An ice beast (D:5)
  A sky beast (D:7)
  3 necrophages
  An ogre (D:5)
  3 centaurs (D:6)
  2 elf zombies (Ossuary)
  A gnoll sergeant (D:7)
  2 kobold brigands
  A scorpion (D:5)
  A water moccasin zombie (D:5)
  Dowan (D:6)
  A water moccasin skeleton (D:4)
  6 killer bees (D:8)
  A howler monkey (D:5)
  2 centaur zombies
  A hound (D:6)
  A jelly (D:5)
  Crazy Yiuf (D:7)
  2 bullfrog skeletons
  A centaur skeleton (D:7)
  2 orc wizards (D:7)
  A scorpion zombie (D:5)
  A hound zombie (Ossuary)
  4 mummies (Ossuary)
  5 gnolls (D:7)
  7 adders
  A howler monkey skeleton (D:6)
  A shadow imp (D:6)
  A white imp (D:5)
  4 ufetubi
  2 adder skeletons (D:4)
  A worm (D:5)
  7 dart slugs
  13 orcs
  5 endoplasms
  A giant cockroach (D:1)
  4 goblins
  4 hobgoblins
  11 jackals
  17 kobolds
  3 quokkas
  4 ball pythons
  3 bats
  5 frilled lizards
  A gnoll zombie (Ossuary)
  A goblin zombie (Ossuary)
  A hobgoblin zombie (Ossuary)
  2 jackal zombies (Ossuary)
  2 kobold zombies (Ossuary)
  An orc zombie (Ossuary)
  2 rats
  A rat zombie (Ossuary)
157 creatures vanquished.

Vanquished Creatures (others)
  An orc wizard (D:7)
  A fungus (D:1)
  4 withered plants (D:6)
6 creatures vanquished.

Grand Total: 163 creatures vanquished

Notes
Turn   | Place    | Note
-------+----------+-------------------------------------------
     0 | D:1      | goblinbird the Human Fighter began the quest for the Orb.
     0 | D:1      | Reached XP level 1. HP: 18/18 MP: 1/1
   155 | D:1      | Reached XP level 2. HP: 24/24 MP: 2/2
   210 | D:1      | Found a faded altar of an unknown god.
   973 | D:1      | Reached XP level 3. HP: 29/29 MP: 3/3
  1117 | D:2      | Reached XP level 4. HP: 35/35 MP: 4/4
  1190 | D:2      | Found a broken altar of Ashenzari.
  1702 | D:3      | Reached skill level 3 in Long Blades
  1823 | D:3      | Reached XP level 5. HP: 17/41 MP: 5/5
  2565 | D:4      | Found a staircase to the Ecumenical Temple.
  2586 | Temple   | Entered the Ecumenical Temple
  2729 | D:4      | Noticed a necrophage
  2747 | D:4      | Killed a necrophage
  2748 | D:4      | Reached XP level 6. HP: 43/48 MP: 6/6
  3047 | D:4      | Found a broken altar of Ashenzari.
  3326 | D:5      | Entered Level 5 of the Dungeon
  3352 | D:5      | Noticed an ice beast
  3392 | D:5      | Reached skill level 4 in Long Blades
  3401 | D:5      | Reached XP level 7. HP: 23/54 MP: 7/7
  3614 | D:5      | Reached skill level 5 in Shields
  3885 | D:5      | Reached skill level 5 in Long Blades
  3974 | D:5      | Reached XP level 8. HP: 61/61 MP: 8/8
  3974 | D:5      | Found a runed translucent door.
  4013 | D:5      | Noticed mavignon's ghost (novice DEFE)
  4226 | D:5      | Found a sparkling altar of Nemelex Xobeh.
  4357 | D:6      | Found Rak Doul's Magic Scroll Emporium.
  4388 | D:6      | Found a sand-covered staircase.
  4393 | Ossuary  | Entered an ossuary
  4981 | D:6      | Found an ancient bone altar of Kikubaaqudgha.
  4981 | D:6      | Noticed Eustachio
  5010 | D:6      | Killed Eustachio
  5323 | D:6      | Reached skill level 5 in Fighting
  5323 | D:6      | Reached skill level 6 in Long Blades
  5323 | D:6      | Reached skill level 5 in Armour
  6759 | D:6      | Reached XP level 9. HP: 67/68 MP: 9/9
  6764 | D:6      | Noticed Duvessa
  6765 | D:6      | Noticed Dowan
  6782 | D:6      | Killed Duvessa
  6796 | D:6      | Killed Dowan
  7037 | D:6      | Identified a scroll of acquirement
  7110 | D:6      | Found a shimmering altar of Xom.
  7110 | D:6      | Found a blossoming altar of Fedhas.
  7110 | D:6      | Found a bloodstained altar of Trog.
  7110 | D:6      | Found an opulent altar of Gozag.
  7121 | D:6      | Found a snail-covered altar of Cheibriados.
  7121 | D:6      | Found an iron altar of Okawaru.
  7137 | D:6      | Became a worshipper of Warmaster Okawaru
  7231 | D:6      | Acquired the +3 pair of seven-league boots {Rampage+∞}
  7231 | D:6      | Found the +3 pair of seven-league boots {Rampage+∞}
  7313 | D:7      | Reached skill level 7 in Long Blades
  7360 | D:7      | Found a radiant altar of Vehumet.
  7637 | D:6      | HP: 2/69 [poisoned by a gnoll sergeant]
  8754 | D:7      | Found a runed translucent door.
  8755 | D:7      | Noticed Crazy Yiuf
  8883 | D:8      | Noticed Erica
  8930 | D:7      | Killed Crazy Yiuf
  9094 | D:6      | Bought a scroll of teleportation for 33 gold pieces
  9094 | D:6      | Bought a scroll of teleportation for 33 gold pieces
  9094 | D:6      | Bought a scroll of fear for 38 gold pieces
  9151 | D:8      | Killed Erica
  9151 | D:8      | Reached * piety under Okawaru
  9152 | D:8      | Reached skill level 8 in Long Blades
  9152 | D:8      | Reached XP level 10. HP: 54/77 MP: 10/10
  9360 | D:8      | Noticed Prince Ribbit
  9368 | D:8      | Killed Prince Ribbit
  9546 | D:8      | Reached ** piety under Okawaru
  9704 | D:8      | Splashed by an acid dragon's acid

Illustrated notes

Levels and vault maps discovered:
D:1:      elethiomel_arrival_maze, layout_basic, serial_glass, glass_columns_b,
          glass_columns_c, glass_columns_a, glass_columns_a, glass_columns_a,
          glass_columns_a, glass_columns_b, glass_columns_c, glass_columns_b,
          glass_columns_a, dreamdust_ecumenical_altar_grove, minmay_statues_item
D:2:      layout_loops_cross, basic_altar, grunt_ministairs_2
D:3:      layout_basic
D:4:      layout_gridville, lemuel_tele_altar, minmay_temple_entry_antechambers,
          chequers_garden, minmay_misc_feat_x
D:5:      layout_rooms, nemelex_diamond_rough_becter, ebering_ghost_sewer_d
D:6:      nicolae_whirlpool, layout_basic, minmay_overflow_temple_hex,
          kiku_gazebo_garden_becter, enter_ossuary_2, serial_shops, shop,
          uniq_duvessa, uniq_eustachio
D:7:      layout_loops_ring, vehumet_crystals, uniq_crazy_yiuf_cottage
D:8:      layout_rooms, uniq_prince_ribbit1, uniq_erica
Temple:   nicolae_temple_hex_pool

Skill      XL: |  1  2  3  4  5  6  7  8  9 |
---------------+----------------------------+-----
Long Blades    | 3 4 5 6 8 |  8.9
Shields        | 4 5 6 7 |  7.8
Fighting       | 4 5 6 |  6.7
Armour         | 4 5 6 |  6.7

Action                   |  1- 3 |  4- 6 |  7- 9 | 10-12 || total
-------------------------+-------+-------+-------+-------++-------
Melee: Long sword        |     5 |       |       |       ||     5
       Short sword       |    65 |   204 |   283 |       ||   552
       Falchion          |       |       |    88 |    68 ||   156
Throw: Dart              |     7 |     4 |     6 |       ||    17
       Stone             |       |     1 |     2 |       ||     3
  Use: Scroll            |       |       |    16 |       ||    16
       Potion            |       |       |     4 |       ||     4
Armor: Scale mail        |    25 |    39 |       |       ||    64
       Chain mail        |       |    16 |       |       ||    16
       Plate armour      |       |    53 |   369 |   115 ||   537
Dodge: Dodged            |    21 |    32 |    67 |    22 ||   142
Block: Kite shield       |    35 |   111 |   298 |    76 ||   520
       Rpst.: Long sword |     1 |       |       |       ||     1
       Falchion          |       |       |     2 |    10 ||    12
